 Dungeon Crawl Stone Soup version 0.25.1-2-g60ff931df9 (webtiles) character file.

Game seed: 6930361724875012049

64 Eitelfritz the Skirmisher (level 4, 0/40 HPs)
             Began as a Hill Orc Fighter on Sept 18, 2020.
             Succumbed to an adder's poison
             ... on level 2 of the Dungeon.
             The game lasted 00:03:48 (941 turns).

Eitelfritz the Skirmisher (Hill Orc Fighter)         Turns: 941, Time: 00:03:48

Health: 0/40       AC: 11    Str: 18    XL:     4   Next: 12%
Magic:  4/4        EV:  3    Int:  9    God:
Gold:   100        SH:  9    Dex: 10    Spells: 3/3 levels left

rFire    . . .     SeeInvis .   a - +0 long sword
rCold    . . .     Gourm    .   c - +0 kite shield
rNeg     . . .     Faith    .   e - +0 plate armour
rPois    .         Spirit   .   (no helmet)
rElec    .         Reflect  .   (no cloak)
rCorr    .         Harm     .   (no gloves)
MR       .....                  (no boots)
Stlth    ..........             (no amulet)
HPRegen  0.13/turn              (no ring)
MPRegen  0.09/turn              (no ring)

@: lethally poisoned (0 -> -2)
A: no striking features
a: no special abilities


You were on level 2 of the Dungeon.
You were hungry.

You visited 1 branch of the dungeon, and saw 2 of its levels.

You collected 100 gold pieces.

Inventory:

Hand Weapons
 a - a +0 long sword (weapon)
Missiles
 k - 6 boomerangs (quivered)
 l - 35 stones
Armour
 c - a +0 kite shield (worn)
 e - a +0 plate armour (worn)
Scrolls
 b - 2 scrolls of identify {unknown}
 h - a scroll of random uselessness {unknown}
 i - a scroll of enchant weapon {unknown}
 m - a scroll of fog {unknown}
Potions
 d - 3 potions of might
 j - a potion of stabbing
Comestibles
 f - 4 rations
 g - 7 chunks of flesh


   Skills:
 + Level 4.0 Fighting
 + Level 3.0 Long Blades
 + Level 1.0 Throwing
 + Level 3.7 Armour
 + Level 3.9 Shields


You had 3 spell levels left.
You didn't know any spells.
Your spell library was empty.

Dungeon Overview and Level Annotations

Branches:
Dungeon (2/15)

Altars:
Fedhas


Message History

The adder is almost dead.
* * * LOW HITPOINT WARNING * * *
You feel sick. The adder bites you but does no damage.
You miss the adder.
The adder is almost dead.
* * * LOW HITPOINT WARNING * * *
You feel sick. You block the adder's attack. x2
You miss the adder.
The adder is almost dead.
You block the adder's attack. The adder bites you but does no damage.
You hit the adder.
You kill the adder!
Your Throwing skill increases to level 1!
You have reached level 4!
* * * LOW HITPOINT WARNING * * *
You feel sick.
You are feeling hungry.
* * * LOW HITPOINT WARNING * * *
You feel sick.
You die...

#.###. ..... #.#.# ....
######)## ... #.....<..
#.# #.####.##
########.# #.# ##.##
.........# #.###..##
####..>..######.##...##
+.....@......).........
###.?...#######.##...##
#.#.#.# #.###.### #
###.# #........ ..#
###...### ### #...#
#...# ##.## #.# ##


There were no monsters in sight!

Vanquished Creatures
  An adder (D:2)
  An ooze (D:1)
  2 worms (D:2)
  A dart slug (D:1)
  2 leopard geckos
  An orc (D:2)
  A ball python (D:1)
  A giant cockroach (D:2)
  6 goblins
  4 hobgoblins
  5 jackals (D:1)
  5 bats
  2 frilled lizards (D:1)
  2 kobolds
  6 rats (D:1)
40 creatures vanquished.

Notes
Turn   | Place    | Note
-------+----------+-------------------------------------------
     0 | D:1      | Eitelfritz the Hill Orc Fighter began the quest for the
                  | Orb.
     0 | D:1      | Reached XP level 1. HP: 19/19 MP: 1/1
    32 | D:1      | Reached XP level 2. HP: 27/27 MP: 2/2
   286 | D:1      | Reached skill level 4 in Fighting
   301 | D:1      | Reached XP level 3. HP: 30/33 MP: 3/3
   813 | D:2      | Found a blossoming altar of Fedhas.
   934 | D:2      | Reached skill level 1 in Throwing
   934 | D:2      | Reached XP level 4. HP: 2/40 MP: 4/4
   934 | D:2      | HP: 1/40 [poisoned by an adder]
   941 | D:2      | Succumbed to an adder's poison

Illustrated notes

Levels and vault maps discovered:
D:1:      dpeg_arrival_round_c, layout_rooms
D:2:      layout_loops_corners, lemuel_round_altar,
          chequers_ecumenical_altar_island, minmay_tetromino_s4

Skill      XL: |  1  2  3 |
---------------+----------+-----
Fighting       | 4 |  4.0
Long Blades    | 3 |  3.0
Throwing       | 1 |  1.0
Armour         | |  3.7
Shields        | |  3.9

Action                   |  1- 3 |  4- 6 || total
-------------------------+-------+-------++-------
Melee: Long sword        |   133 |       ||   133
Throw: Boomerang         |    34 |       ||    34
  Use: Potion            |     3 |       ||     3
Armor: Scale mail        |    22 |       ||    22
       Plate armour      |    69 |       ||    69
Dodge: Dodged            |    31 |       ||    31
Block: Kite shield       |    70 |       ||    70
       Rpst.: Long sword |     8 |       ||     8
